 Dungeon Crawl Stone Soup version 0.25.1-1-g288607f5aa (webtiles) character file.

Game seed: 17522399648415104143

72 funkygono the Shield-Bearer (level 4, -11/28 HPs)
             Began as a Gargoyle Fighter on July 23, 2020.
             Killed by divine providence
             ... invoked by an orc priest
              (13 damage)
             ... while paralysed by Grinder
             ... on level 3 of the Dungeon.
             The game lasted 00:03:37 (1826 turns).

funkygono the Shield-Bearer (Gargoyle Fighter)      Turns: 1826, Time: 00:03:38

Health: -11/28     AC: 10    Str: 20    XL:     4   Next: 26%
Magic:  4/4        EV:  2    Int:  9    God:
Gold:   122        SH:  0    Dex:  9    Spells: 3/3 levels left

rFire    . . .     SeeInvis .   a - +0 flail
rCold    . . .     Gourm    .   c - +0 kite shield
rNeg     + . .     Faith    .   b - +0 scale mail
rPois    ∞         Spirit   .   j - +0 hat
rElec    +         Reflect  .   (no cloak)
rCorr    .         Harm     .   (no gloves)
MR       .....                  (no boots)
Stlth    ..........             (no amulet)
HPRegen  0.09/turn              (no ring)
MPRegen  0.09/turn              (no ring)

@: paralysed, mighty
A: negative energy resistance 1, electricity resistance, unbreathing,
petrification resistance, rot immunity, AC +3
a: no special abilities


You were on level 3 of the Dungeon.
You were not hungry.

You visited 1 branch of the dungeon, and saw 3 of its levels.

You collected 122 gold pieces.

Inventory:

Hand Weapons
 a - a +0 flail (weapon)
Missiles
 k - 16 bolts
Armour
 b - a +0 scale mail (worn)
 c - a +0 kite shield (worn)
 j - a +0 hat (worn)
Scrolls
 e - 2 scrolls of teleportation
 o - a scroll of immolation {unknown}
Potions
 h - a potion of lignification {unknown}
 i - a potion of heal wounds {unknown}
 l - a potion of stabbing {unknown}
 m - 2 potions of degeneration {unknown}
 n - a potion of flight {unknown}
Comestibles
 f - 5 rations
 g - 8 chunks of flesh


   Skills:
 + Level 3.6 Fighting
 + Level 2.8 Maces & Flails
 + Level 3.8 Armour
 + Level 0.3 Dodging
 + Level 4.1 Shields


You had 3 spell levels left.
You didn't know any spells.
Your spell library was empty.

Dungeon Overview and Level Annotations

Branches:
Dungeon (3/15)

Altars:

Annotations:
D:3 Grinder


Innate Abilities, Weirdness & Mutations

You are resistant to torment.
Your stone body is resilient. (AC +3)
You are immune to poison.
You resist negative energy. (rN+)
You are resistant to electric shocks. (rElec)
You can survive without breathing.
You are immune to petrification.
You are immune to rotting.


Message History

* * * LOW HITPOINT WARNING * * *
You block the orc's attack. You block Grinder's attack.
You hit Grinder.
Grinder is lightly wounded.
The orc hits you but does no damage. Grinder hits you.
* * * LOW HITPOINT WARNING * * *
You feel very mighty all of a sudden. Grinder gestures at you.
You suddenly lose the ability to move!
The orc hits you but does no damage.
An orc priest comes into view. It is wielding a +0 trident.
Grinder hits you.
* * * LOW HITPOINT WARNING * * *
You writhe in agony.
* * * LOW HITPOINT WARNING * * *
The orc hits you but does no damage.
The orc priest shouts!
Grinder hits you but does no damage. The orc hits you but does no damage.
The orc priest invokes the aid of Beogh against you.
Beogh smites you!
You die...

#...#..............
##.#######.########
#..........#
#..######### #..#
#..##########
#.).)........ ##
##.##########
##...###@# #
#......5o####...#
#....###o........
#.# #.#####.♣.
#o### #...# ###.#
#.# ...5.........#


You could see Grinder, an orc priest and 2 orcs.

Vanquished Creatures
  An adder (D:2)
  A worm (D:2)
  4 leopard geckos
  9 orcs (D:3)
  9 bats
  A giant cockroach (D:1)
  4 goblins
  5 hobgoblins
  4 kobolds
  3 frilled lizards (D:1)
  3 rats
44 creatures vanquished.

Notes
Turn   | Place    | Note
-------+----------+-------------------------------------------
     0 | D:1      | funkygono the Gargoyle Fighter began the quest for the Orb.
     0 | D:1      | Reached XP level 1. HP: 14/14 MP: 1/1
   169 | D:1      | Reached XP level 2. HP: 19/19 MP: 2/2
   653 | D:1      | Reached XP level 3. HP: 16/23 MP: 3/3
  1610 | D:3      | Reached skill level 4 in Shields
  1682 | D:3      | Reached XP level 4. HP: 28/28 MP: 4/4
  1795 | D:3      | Noticed Grinder
  1812 | D:3      | Paralysed by Grinder for 7 turns
  1823 | D:3      | Paralysed by Grinder for 6 turns
  1824 | D:3      | HP: 1/28 [Grinder (2)]
  1826 | D:3      | Killed from afar by an orc priest

Illustrated notes

Levels and vault maps discovered:
D:1:      elethiomel_arrival_infinity_welcomes_careful_drivers,
          layout_loops_ring
D:2:      layout_basic
D:3:      layout_loops_ring, first_ration, chequers_ecumenical_altar_grove,
          chequers_mini_garden, uniq_grinder

Skill      XL: |  1  2  3 |
---------------+----------+-----
Shields        | 4 |  4.1
Fighting       | |  3.6
Maces & Flails | |  2.8
Armour         | |  3.8
Dodging        | |  0.3

Action                   |  1- 3 |  4- 6 || total
-------------------------+-------+-------++-------
Melee: Flail             |   170 |    41 ||   211
  Use: Scroll            |     4 |       ||     4
       Potion            |       |     1 ||     1
  Eat: Chunk             |     3 |       ||     3
Armor: Scale mail        |   106 |    32 ||   138
Dodge: Dodged            |    83 |    13 ||    96
Block: Kite shield       |   122 |    20 ||   142
